 Dungeon Crawl Stone Soup version 0.28.0-1-gb440e238dd (webtiles) character file.

Game seed: 795179402641262765

25 Peloso the Covered (level 2, 0/27 HPs)
             Began as a Minotaur Fighter on Feb 20, 2022.
             Slain by an adder (4 damage)
             ... on level 2 of the Dungeon.
             The game lasted 00:01:30 (764 turns).

Peloso the Covered (Minotaur Fighter)                Turns: 764, Time: 00:01:31

Health: 0/27       AC:  9    Str: 20    XL:     2   Next: 82%
Magic:  1/1        EV:  9    Int:  5    God:
Gold:   31         SH:  4    Dex:  9    Spells: 1/1 levels left

rFire   . . .      SeeInvis .   a - +0 long sword
rCold   . . .      Faith    .   c - +0 buckler
rNeg    . . .      Spirit   .   b - +0 scale mail
rPois   .          Reflect  .   (helmet restricted)
rElec   .          Harm     .   (no cloak)
rCorr   .          Rampage  .   l - +1 pair of gloves
Will    .....                   (no boots)
Stlth   ..........              (no amulet)
HPRegen 0.09/turn               (no ring)
MPRegen 0.07/turn               (no ring)

@: invisible
A: horns 2, retaliatory headbutt
a: no special abilities


You were on level 2 of the Dungeon.
You visited 1 branch of the dungeon, and saw 2 of its levels.

You collected 31 gold pieces.

Inventory:

Hand Weapons
 a - a +0 long sword (weapon)
Armour
 b - a +0 scale mail (worn)
 c - a +0 buckler (worn)
 l - a +1 pair of gloves (worn)
Scrolls
 e - a scroll of torment {unknown}
 h - a scroll of fog {unknown}
 i - a scroll of fear {unknown}
 j - a scroll of blinking {unknown}
Potions
 d - a potion of might
 f - a potion of invisibility
 g - a potion of curing
 k - 2 potions of cancellation {unknown}


   Skills:
 + Level 3.9 Fighting
 + Level 2.9 Long Blades
 + Level 4.2 Armour
 + Level 3.9 Shields


You had one spell level left.
You didn't know any spells.
Your spell library contained the following spells:

 Spells                   Type           Power      Damage    Failure   Level
 Portal Projectile        Hex/Tloc       0%         N/A       99%         3
 Blade Hands              Tmut           0%         N/A       100%        5
 Excruciating Wounds      Necr           0%         N/A       100%        5


Dungeon Overview and Level Annotations

Branches:
Dungeon (2/15)

Altars:


Innate Abilities, Weirdness & Mutations

You have a pair of horns on your head.
You reflexively headbutt those who attack you in melee.


Message History

You are poisoned.
The adder poisons you! The adder bites you.
You slash the adder!
You kill the adder!
You feel sick. The adder barely misses you.
You hit the adder.
The adder is moderately wounded.
You feel sick. The adder barely misses you.
You miss the adder.
The adder is moderately wounded.
You feel sick. The adder bites you. x2
You barely miss the adder.
The adder is moderately wounded.
You feel sick.
You are no longer poisoned.
The adder closely misses you. The adder bites you.
You are poisoned.
The adder poisons you!
You barely miss the adder.
The adder is moderately wounded.
* * * LOW HITPOINT WARNING * * *
You feel very sick. The adder bites you.
* * * LOW HITPOINT WARNING * * *
You are more poisoned.
The adder poisons you! The adder barely misses you.
It was a potion of invisibility.
You fade into invisibility!
* * * LOW HITPOINT WARNING * * *
You feel sick. The adder barely misses you.
It was a potion of curing.
You feel better. The adder barely misses you.
You barely miss the adder.
The adder is moderately wounded.
The adder bites you.
* * * LOW HITPOINT WARNING * * *
The adder bites you but does no damage.
You miss the adder. Your headbutt misses the adder.
The adder is moderately wounded.
The adder bites you.
You die...

..# ....##.#
.#.#..........
.............
#.#.........## ##
............# ...
..... .....#....
#S#.# ....... .
#@#.##+#...# ...
#.......†..# .
....#..........#..
...$................
##.####.........#.##
##..#.......#
##.....>..###
#..##......#
###..####..#.#


You could see an adder.

Vanquished Creatures
  An adder (D:2)
  A dart slug (D:2)
  2 endoplasms (D:1)
  2 hobgoblins (D:1)
  5 ball pythons (D:1)
  A bat (D:1)
  A frilled lizard (D:1)
  4 rats
17 creatures vanquished.

Notes
Turn   | Place    | Note
-------+----------+-------------------------------------------
     0 | D:1      | Peloso the Minotaur Fighter began the quest for the Orb.
     0 | D:1      | Reached XP level 1. HP: 19/19 MP: 0/0
   230 | D:1      | Found a faded altar of an unknown god.
   239 | D:1      | Reached skill level 4 in Armour
   477 | D:1      | Reached XP level 2. HP: 27/27 MP: 1/1
   761 | D:2      | HP: 1/27 [poisoned by an adder]
   764 | D:2      | Slain by an adder

Illustrated notes

Levels and vault maps discovered:
D:1:      denvon_arrival_waterhouse, layout_rooms, ebering_ecumenical_altar_box,
          minmay_misc_feat_cross
D:2:      layout_basic

Skill      XL: |  1 |
---------------+----+-----
Armour         | 4 |  4.2
Fighting       | |  3.9
Long Blades    | |  2.9
Shields        | |  3.9

Action                   || total
-------------------------++-------
Melee: Long sword        ||    46
       Headbutt          ||     4
  Use: Potion            ||     2
Armor: Scale mail        ||    19
Dodge: Dodged            ||    21
Block: Buckler           ||     9
